 Dungeon Crawl Stone Soup version 0.27.1-33-g824d729ab1 (webtiles) character file.

Game seed: 6547204198164878265

358 Sarah the Twirler (level 6, -8/44 HPs)
             Began as a Human Wanderer on Dec 5, 2021.
             Mangled by a gnoll (11 damage)
             ... on level 4 of the Dungeon.
             The game lasted 00:19:54 (4162 turns).

Sarah the Twirler (Human Wanderer)                  Turns: 4162, Time: 00:19:55

Health: -8/44      AC:  3    Str: 16    XL:     6   Next: 97%
Magic:  7/7        EV: 12    Int: 12    God:
Gold:   148        SH:  0    Dex: 11    Spells: 6/6 levels left

rFire    . . .     SeeInvis .   a - +1 quarterstaff (elec)
rCold    . . .     Faith    .   (shield currently unavailable)
rNeg     . . .     Spirit   .   d - +0 leather armour
rPois    .         Reflect  .   (no helmet)
rElec    .         Harm     .   (no cloak)
rCorr    .         Rampage  .   (no gloves)
Will     .....                  (no boots)
Stlth    ++........             (no amulet)
HPRegen  0.14/turn              (no ring)
MPRegen  0.10/turn              (no ring)

@: no status effects
A: no striking features
a: no special abilities


You were on level 4 of the Dungeon.
You visited 1 branch of the dungeon, and saw 4 of its levels.

You collected 148 gold pieces.

Inventory:

Hand Weapons
 a - a +1 quarterstaff of electrocution (weapon)
 b - a +0 shortbow
Missiles
 j - 34 arrows
Armour
 d - a +0 leather armour (worn)
Scrolls
 g - a scroll of amnesia
Potions
 e - 3 potions of flight


   Skills:
 + Level 1.7 Fighting
 + Level 3.6 Staves
 * Level 1.9 Bows
 + Level 1.6 Throwing
 + Level 2.2 Armour
 + Level 3.4 Dodging
 + Level 2.4 Stealth
 + Level 2.2 Unarmed Combat
 * Level 0.8 Spellcasting
 + Level 1.0 Evocations


You had 6 spell levels left.
You didn't know any spells.
Your spell library contained the following spells:

 Spells                   Type           Power      Damage    Failure   Level
 Slow                     Hex            0%         N/A       50%         2
 Confusing Touch          Hex            0%         N/A       75%         3
 Gell's Gravitas          Tloc           0%         N/A       75%         3
 Lesser Beckoning         Tloc           0%         N/A       75%         3
 Teleport Other           Tloc           0%         N/A       75%         3
 Yara's Violent Unravell  Hex/Tmut       0%         3d3       100%        5


Dungeon Overview and Level Annotations

Branches:
Dungeon (4/15)
 Temple: D:4-7

Altars:


Message History

Aim: a gnoll, wielding a +0 halberd (58% to hit)
You shoot an arrow. The arrow closely misses the gnoll.
Fire: 38 arrows
Press: ? - help, Q - select action Shift-Dir - straight line, f/p - gnoll
Aim: a gnoll, wielding a +0 halberd (58% to hit)
You shoot an arrow. The arrow barely misses the gnoll.
Fire: 37 arrows
Press: ? - help, Q - select action Shift-Dir - straight line, f/p - gnoll
Aim: a gnoll, wielding a +0 halberd (58% to hit)
You shoot an arrow. The arrow closely misses the gnoll.
The gnoll closely misses you.
Fire: 36 arrows
Press: ? - help, Q - select action Shift-Dir - straight line, f/p - gnoll
Aim: a gnoll, wielding a +0 halberd (58% to hit)
You shoot an arrow. The arrow closely misses the gnoll.
The gnoll hits you from afar with a +0 halberd!
Okay, then.
Fire: 35 arrows
Press: ? - help, Q - select action Shift-Dir - straight line, f/p - gnoll
Aim: a gnoll, wielding a +0 halberd (58% to hit)
You shoot an arrow. The arrow hits the gnoll.
The gnoll is lightly wounded.
The gnoll barely misses you.
You hear the crackle of electricity.
a - a +1 quarterstaff of electrocution (weapon)
The gnoll hits you from afar with a +0 halberd.
The gnoll barely misses you. The gnoll completely misses you.
Things that are here:
2 arrows; a +0 spear; a gnoll corpse You thump the gnoll!
The gnoll is severely wounded.
The gnoll hits you with a +0 spear. The gnoll hits you with a +0 halberd!
* * * LOW HITPOINT WARNING * * *
You sock the gnoll!
You kill the gnoll!
The gnoll closely misses you.
You hit the gnoll.
The gnoll is heavily wounded.
The gnoll hits you with a +0 halberd!
You die...

#### #..## ###
##...###.####
#..g..##....####
#(@............###
###)...#..##......##
#...(.##...........#
##...................
#...(.(..##....##.#..
#..##.(.###...######.
##......####......#..
###......###........
#......## ##..###


You could see a gnoll.

Vanquished Creatures
  A centaur (D:4)
  A scorpion (D:4)
  2 iguanas (D:4)
  A hound skeleton (D:3)
  Robin (D:2)
  3 gnolls (D:4)
  5 adders
  An ufetubus (D:4)
  A worm (D:3)
  2 dart slugs
  A ball python (D:2)
  2 endoplasms (D:2)
  3 giant cockroaches
  11 goblins
  7 hobgoblins
  3 jackals (D:1)
  3 kobolds
  3 quokkas
  2 bats
  2 frilled lizards (D:3)
  8 rats
63 creatures vanquished.

Notes
Turn   | Place    | Note
-------+----------+-------------------------------------------
     0 | D:1      | Sarah the Human Wanderer began the quest for the Orb.
     0 | D:1      | Sarah set off with the following items: a +0 quarterstaff,
                  | 2 throwing nets, a potion of lignification, a +0 leather
                  | armour
     0 | D:1      | Reached XP level 1. HP: 15/15 MP: 1/1
   437 | D:1      | Reached XP level 2. HP: 19/21 MP: 2/2
  1017 | D:2      | Reached XP level 3. HP: 15/26 MP: 3/3
  1127 | D:2      | Noticed Robin
  1485 | D:2      | Reached XP level 4. HP: 22/32 MP: 4/4
  1492 | D:2      | Killed Robin
  1493 | D:2      | Reached skill level 1 in Armour
  2160 | D:3      | Reached XP level 5. HP: 29/37 MP: 5/5
  2571 | D:4      | Noticed a centaur
  2586 | D:4      | Killed a centaur
  2587 | D:4      | Reached XP level 6. HP: 10/43 MP: 6/6
  3488 | D:2      | You fall into a shaft and drop 1 floor!
  3517 | D:4      | Noticed an ogre
  3525 | D:4      | HP: 1/43 [ogre (20)]
  3878 | D:4      | Reached skill level 1 in Bows
  4162 | D:4      | Mangled by a gnoll

Illustrated notes

Levels and vault maps discovered:
D:1:      ebering_trefoil_3fold, layout_basic
D:2:      layout_rooms, moated_statue, kennysheep_generic_room_7, uniq_robin
D:3:      layout_rooms, grunt_decor_cap
D:4:      layout_cave_pools, mainiacjoe_overflow_brackets, serial_shops,
          nicolae_shop_behind_doors

Skill      XL: |  1  2  3  4  5  6 |
---------------+-------------------+-----
Armour         | 1 2 |  2.2
Staves         | 3 |  3.6
Dodging        | 3 |  3.4
Stealth        | 2 |  2.4
Bows           | 1 |  1.9
Fighting       | |  1.7
Throwing       | |  1.6
Unarmed Combat | |  2.2
Spellcasting   | |  0.8
Evocations     | |  1.0

Action                   |  1- 3 |  4- 6 || total
-------------------------+-------+-------++-------
Melee: Quarterstaff      |    54 |    76 ||   130
 Fire: Shortbow          |       |    29 ||    29
Throw: Boomerang         |    41 |       ||    41
       Throwing net      |     1 |     1 ||     2
  Use: Scroll            |     6 |     4 ||    10
       Potion            |     1 |     4 ||     5
 Stab: Sleeping          |       |     2 ||     2
Armor: Leather armour    |    16 |    16 ||    32
       Skin              |       |     3 ||     3
Dodge: Dodged            |    41 |    59 ||   100
